Map: Paladino Terminal LE

Players

Musumeci

  • Race: Zerg Zerg
  • League: Diamond
  • Spawn Location: 5:00

MichyMoko - Winner!

  • Race: Zerg Zerg
  • Spawn Location: 9:00

VOD

Have the link to the VOD?

Description

Time

  • Played on: March 13, 2017, 8:22 a.m.
  • Length: 9:02
Show
View Real Time Build Order
Export as new Build Order

Musumeci Zerg 

Build Orders: Hatch First 

Get SALT Encoding   

  12  0:01  Drone  
  13  0:08  Drone  
  14  0:16  Drone, Extractor  
  15  0:41  Hatchery  
  14  1:00  Spawning Pool  
  14  1:02  Extractor  
  14  1:03  Drone  
  13  1:08  Drone  
  14  1:17  Overlord  
  14  1:36  Drone x3, Extractor  
  17  1:49  Queen  
  19  2:01  Zergling x4  
  21  2:03  Zergling x2  
  22  2:10  Zergling x2  
  22  2:15  Metabolic Boost  
  23  2:32  Queen  
  25  2:41  Overlord  
  25  2:50  Drone x3  
  28  3:00  Drone  
  28  3:01  Drone x2  
  30  3:14  Roach Warren  
  30  3:19  Zergling x4  
  28  3:26  Drone x4  
  32  3:29  Drone  
  33  3:48  Drone x2  
  34  4:15  Zergling x4  
  35  4:19  Overlord  
  35  4:38  Roach x6  
  41  4:53  Roach  
  41  4:58  Overlord  
  41  4:59  Overlord  
  34  5:08  Drone x9  
  43  5:20  Drone x2  
  45  5:30  Roach  
  45  5:31  Roach  
  45  5:32  Ravager  
  45  5:34  Ravager  
  49  5:37  Queen x2  
  49  5:40  Roach  
  31  6:12  Roach  
  31  6:13  Roach x4  
  40  6:18  Roach  
  40  6:21  Queen  
  36  6:41  Roach x3  
  35  6:49  Roach  
  29  7:01  Roach  
  31  7:20  Roach x2  
  33  7:24  Zergling x4  
  33  7:25  Zergling x4  
  33  7:26  Zergling x6  
  29  7:59  Roach  
  29  8:00  Roach x3  
  31  8:27  Hatchery  
Show
View Real Time Build Order
Export as new Build Order

MichyMoko Zerg - Winner!

Build Orders: Pool First 

Get SALT Encoding   

  12  0:02  Drone  
  13  0:12  Overlord  
  13  0:18  Drone  
  14  0:37  Spawning Pool  
  14  0:39  Drone  
  14  0:43  Drone  
  14  0:47  Drone  
  16  0:51  Drone  
  16  0:55  Extractor  
  16  1:01  Drone  
  17  1:25  Zergling x4  
  19  1:35  Queen  
  19  1:39  Overlord  
  21  1:48  Zergling x2  
  22  1:57  Hatchery  
  22  2:01  Zergling x2  
  23  2:08  Drone  
  22  2:33  Drone  
  23  2:42  Queen  
  25  2:45  Drone x2  
  25  2:50  Metabolic Boost  
  27  2:53  Zergling x4  
  27  2:54  Drone  
  30  3:00  Overlord  
  30  3:08  Queen  
  30  3:19  Drone  
  31  3:20  Zergling x4  
  32  3:30  Drone x2, Zergling x4  
  32  3:33  Drone  
  36  3:55  Drone x2, Zergling x4  
  38  4:17  Overlord  
  38  4:18  Zergling x2, Overlord  
  38  4:19  Zergling x8  
  43  4:28  Extractor  
  42  4:37  Zergling x6  
  44  4:43  Roach Warren  
  42  4:51  Zergling x2  
  42  4:52  Zergling x10  
  45  5:00  Zergling x2  
  45  5:01  Zergling x6  
  45  5:17  Drone  
  45  5:18  Drone x3  
  43  5:48  Zergling x12  
  43  5:49  Zergling x2  
  47  6:00  Zergling x2  
  47  6:01  Zergling x6  
  49  6:09  Drone  
  46  6:32  Zergling x2  
  46  6:33  Zergling x4  
  47  6:41  Zergling x6  
  49  6:50  Overlord  
  49  6:51  Drone x4  
  52  6:58  Zergling x6  
  55  7:02  Lair  
  51  7:27  Zergling x20  
  52  7:41  Zergling x4  
  52  7:56  Zergling x14  
  59  8:09  Zergling x6  
  62  8:38  Drone x3  
  62  8:39  Drone x3  
  67  8:41  Extractor  
Tags
 
Add a new tag
Caveats
  • Supply blocks, unpowered buildings, or Contaminate may cause inaccurate times.
  • Supply counts are checked every 10 seconds.